Demolitions vs Sasquatch (R2)

Created - March 24, 2019 at 08:31

Goals
1 2 3 T
Demolitions 1 2 1 4
Sasquatch 2 1 2 5
Shots
1 2 3 T
Demolitions 9 14 4 27
Sasquatch 11 9 11 31

1st period

1. Sasquatch , Teemu Hartikainen 20 (Dougie Hamilton 67, Patrick Wey 30) at 8:27
2. Sasquatch , Brock Trotter 25 (Josh Morrissey 7, Matt Halischuk 47) at 13:02
3. Demolitions , Spencer Machacek 46 (Erik Cole 36, Andrej Nestrasil 16) at 19:00 (PP)

Penalties :
Spencer Machacek (Vic) for High sticking (Minor) at 0:09, Andrej Nestrasil (Vic) for Hooking (Minor) at 6:05, Brandon McMillan (Vic) for Interference (Minor) at 10:01, Seth Helgeson (Vic) for Tripping (Minor) at 13:05, Patrick Wey (Gat) for Hooking (Minor) at 18:48

2nd period

4. Demolitions , Spencer Machacek 47 (Corban Knight 42, Taylor Aronson 6) at 16:51
5. Sasquatch , Drew Shore 35 (Patrick Wey 31) at 16:59
6. Demolitions , Erik Cole 34 (Spencer Machacek 38) at 17:11

Penalties :
Matt Halischuk (Gat) for Holding (Minor) at 0:45, Jesper Fast (Gat) for Interference (Minor) at 4:51, Corban Knight (Vic) for High sticking (Minor) at 6:35, Lane MacDermid (Vic) for Boarding (Minor) at 18:08

3rd period

7. Sasquatch , David Desharnais 5 (Sven Andrighetto 5, Josh Morrissey 8) at 8:45
8. Sasquatch , Devin Shore 11 (Brock Trotter 31, Petr Straka 15) at 9:44
9. Demolitions , Erik Cole 35 (Spencer Machacek 39, Andrej Nestrasil 17) at 10:42 (PP)

Penalties :
Derek Forbort (Vic) for High sticking (Double Minor) at 1:29, Seth Helgeson (Vic) for Hooking (Minor) at 6:29, Sven Andrighetto (Gat) for Hooking (Minor) at 10:38, Drew Shore (Gat) for Holding (Minor) at 12:38, Erik Cole (Vic) for Hooking (Minor) at 15:57, Cameron Schilling (Vic) for Interference (Minor) at 18:46

Goalie Stats

Connor Hellebyuk (Vic), 18 saves from 23 shots - (0.783), L, 21-14-4, 49:44 minutes
Karri Ramo (Vic), 8 saves from 8 shots - (1.000), 10:16 minutes
Corey Crawford (Gat), 23 saves from 27 shots - (0.852), W, 13-14-3, 60:00 minutes

Players Stats for Demolitions

Player Name              G  A  P  +/- PIM S  H  SB GA TA FO     MP     PP MP  PK MP  
------------------------------------------------------------------------------------
Aaron Palushaj           0  0  0  -1  0   0  0  0  0  0  0/0     5:41   0:00   0:00 
Alex Hutchings           0  0  0  -1  0   0  0  0  0  0  0/0     7:44   1:24   4:53 
Andrej Nestrasil         0  2  2  -1  2   5  3  0  1  0  7/11   16:05   3:36   0:02 
Billy Sweat              0  0  0   0  0   1  0  0  0  0  0/0     4:39   0:00   0:00 
Brandon McMillan         0  0  0  -1  2   0  0  0  0  0  0/0     5:47   0:00   0:00 
Cameron Schilling        0  0  0   0  2   1  1  1  0  3  0/0    22:03   2:06   7:58 
Colton Sceviour          0  0  0  -1  0   0  1  0  0  0  0/0     5:38   0:00   5:21 
Corban Knight            0  1  1  -1  2   0  2  0  0  1  13/33  20:14   1:09   8:46 
Dennis Everberg          0  0  0   0  0   2  2  0  0  0  0/1    19:47   2:20   6:24 
Derek Forbort            0  0  0   0  4   0  0  1  0  0  0/0    11:23   0:01   3:20 
Erik Cole                2  1  3  -1  2   4  1  0  0  0  0/1    23:16   3:26   8:25 
JC Lipon                 0  0  0   0  0   0  0  0  0  0  0/0     0:12   0:12   0:00 
Joel Vermin              0  0  0   0  0   0  0  0  0  0  0/0     4:39   0:00   0:00 
Jonathan Blum            0  0  0  -4  0   2  0  4  0  0  0/0    29:06   3:51  11:28 
Lane MacDermid           0  0  0   0  2   2  2  0  1  0  0/2    13:37   2:20   0:09 
Nick Shore               0  0  0  -1  0   1  0  0  0  0  1/2     5:41   0:00   0:00 
Phil McRae               0  0  0   0  0   1  0  0  0  0  0/3     4:39   0:00   0:00 
Robert Bortuzzo          0  0  0   0  0   1  0  1  0  0  0/0    22:39   2:06   8:33 
Ryan Olsen               0  0  0   0  0   0  0  0  0  0  0/0     2:48   0:00   1:42 
Seth Helgeson            0  0  0  -4  4   1  3  4  0  2  0/0    26:07   3:51   8:49 
Spencer Machacek         2  2  4   0  2   6  0  0  1  1  1/1    18:05   3:26   5:57 
Taylor Aronson           0  1  1   1  0   0  0  0  0  0  0/0     8:56   0:01   1:29 

Players Stats for Sasquatch

Player Name              G  A  P  +/- PIM S  H  SB GA TA FO     MP     PP MP  PK MP  
------------------------------------------------------------------------------------
Brett Pesce              0  0  0   2  0   0  0  0  0  0  0/0     8:59   0:39   0:12 
Brock Trotter            1  1  2   2  0   3  2  1  1  0  0/0    15:48   9:34   1:15 
David Desharnais         1  0  1   2  0   2  2  0  1  0  1/3     6:48   0:10   0:00 
Devin Shore              1  0  1   2  0   1  0  0  0  0  0/1    15:10   9:34   0:23 
Dougie Hamilton          0  1  1   1  0   3  2  1  0  1  0/0    29:36  12:05   3:18 
Drew Shore               1  0  1  -1  2   3  3  2  1  0  24/36  22:30   9:12   2:23 
Jesper Fast              0  0  0  -1  2   6  0  0  2  1  1/1    20:00   9:21   0:00 
Josh Morrissey           0  2  2   2  0   1  2  0  0  0  0/0    15:00   8:05   0:00 
Martin Marincin          0  0  0   0  0   0  0  3  0  0  0/0    15:24   0:39   2:40 
Matt Halischuk           0  1  1   0  2   0  6  0  0  0  0/0    19:10   9:34   0:00 
Nicolas Deslauriers      0  0  0   1  0   4  0  1  0  1  0/0    12:08   1:42   3:20 
Patrick Wey              0  2  2   1  2   1  1  1  0  0  0/0    29:23  12:05   3:06 
Petr Straka              0  1  1   2  0   1  0  1  0  0  0/1     8:45   1:41   1:06 
Ryan Dzingel             0  0  0  -1  0   2  2  0  2  0  0/1    20:33   9:23   0:10 
Sergey Kalinin           0  0  0   0  0   0  0  0  0  0  5/10   14:33   1:56   2:06 
Slava Voynov             0  0  0   0  0   2  2  1  0  0  0/0    21:37   8:05   2:40 
Sven Andrighetto         0  1  1   2  2   0  0  0  0  0  0/0     6:47   0:10   0:00 
Teemu Hartikainen        1  0  1   1  0   2  0  1  0  0  1/1    11:31   0:10   1:13 

3 Stars

1 - Spencer Machacek (Vic)
2 - Brock Trotter (Gat)
3 - Erik Cole (Vic)

Power Play

Demolitions - 2 on 5 Attempt(s) - 40.00%
Sasquatch - 0 on 11 Attempt(s) - 0.00%

Penalty Kill

Demolitions - 11 on 11 Attempt(s) - 100.00% - Score 0 goal in Penalty Kill
Sasquatch - 3 on 5 Attempt(s) - 60.00% - Score 0 goal in Penalty Kill

Team Stat

Demolitions - Hits : 15 - Faceoff Wins : 22 - Blocked Shots : 11 - Penalty Minutes : 22
Sasquatch - Hits : 22 - Faceoff Wins : 32 - Blocked Shots : 12 - Penalty Minutes : 10

Official

Referees : Unknown
Linesman : Unknown

Game Notes

Karri Ramo enters game at 9:44 of 3rd period

Finance

Level 1 -- Attendance: 1439 (71.95%) -- Ticket Income $57,560
Level 2 -- Attendance: 792 (79.20%) -- Ticket Income $15,840
Total Attendance: 2231 (74.37%)
Total Ticket Income: $73,400
Other Income: $3,670
Total Income: $77,070

Demolitions

5 vs 5 Forward 
   Center                   Left Wing                Right Wing               Time % Phy DF OF 
 1 Corban Knight            Erik Cole                Spencer Machacek         54     0   0  5  
 2 Andrej Nestrasil         Lane MacDermid           Dennis Everberg          35     0   0  5  
 3 Nick Shore               Brandon McMillan         Aaron Palushaj           7      0   3  2  
 4 Phil McRae               Billy Sweat              Joel Vermin              4      0   3  2  

5 vs 5 Defense 
   Defense                  Defense                                           Time % Phy DF OF 
 1 Jonathan Blum            Seth Helgeson                                     50     0   0  5  
 2 Cameron Schilling        Robert Bortuzzo                                   30     0   2  3  
 3 Taylor Aronson           Derek Forbort                                     10     1   2  2  
 4 Jonathan Blum            Seth Helgeson                                     10     0   0  5  

PowerPlay Forward 
   Center                   Left Wing                Right Wing               Time % Phy DF OF 
 1 Andrej Nestrasil         Erik Cole                Spencer Machacek         75     0   0  5  
 2 Andrej Nestrasil         Lane MacDermid           Dennis Everberg          25     0   0  5  

PowerPlay Defense
   Defense                  Defense                                           Time % Phy DF OF 
 1 Jonathan Blum            Seth Helgeson                                     75     0   0  5  
 2 Cameron Schilling        Robert Bortuzzo                                   25     0   0  5  

Penalty Kill 4 Players Forward 
   Center                   Wing                     Time % Phy DF OF 
 1 Corban Knight            Erik Cole                60     1   2  2  
 2 Spencer Machacek         Dennis Everberg          40     1   2  2  

Penalty Kill 4 Players Defense
   Defense                  Defense                  Time % Phy DF OF 
 1 Jonathan Blum            Seth Helgeson            60     1   2  2  
 2 Cameron Schilling        Robert Bortuzzo          40     1   2  2  

Penalty Kill - 3 Players Forward 
   Forward                                           Time % Phy DF OF 
 1 Corban Knight                                     60     1   2  2  
 2 Erik Cole                                         40     1   2  2  

Penalty Kill - 3 Players Defense
   Defense                  Defense                  Time % Phy DF OF 
 1 Jonathan Blum            Seth Helgeson            60     1   2  2  
 2 Cameron Schilling        Robert Bortuzzo          40     1   2  2  

4 vs 4 Forward 
   Center                   Wing                     Time % Phy DF OF 
 1 Corban Knight            Erik Cole                60     1   2  2  
 2 Spencer Machacek         Erik Cole                40     1   2  2  

4 vs 4 Defense
   Defense                  Defense                  Time % Phy DF OF 
 1 Jonathan Blum            Seth Helgeson            60     1   2  2  
 2 Cameron Schilling        Robert Bortuzzo          40     1   2  2  

Last Minutes Offensive
   Center                   Left Wing                Right Wing               Defense                  Defense                  
   Corban Knight            Erik Cole                Spencer Machacek         Jonathan Blum            Seth Helgeson            

Last Minutes Defensive
   Center                   Left Wing                Right Wing               Defense                  Defense                  
   Corban Knight            Erik Cole                Spencer Machacek         Jonathan Blum            Seth Helgeson            

Goaltenders
Starting : Connor Hellebyuk         
Backup : Karri Ramo               

Extra Forwards
Normal : Andrej Nestrasil, Alex Hutchings, Colton Sceviour - PP : Andrej Nestrasil, Alex Hutchings - PK : Colton Sceviour
Extra Defensemen
Normal : Taylor Aronson, Derek Forbort, Cameron Schilling - PP : Taylor Aronson - PK : Derek Forbort, Cameron Schilling
Penalty Shots
Joel Vermin, Erik Cole, Spencer Machacek, Dennis Everberg, Lane MacDermid

Scratches
Thomas DiPauli (Healthy), Taylor Leier (Healthy), Nick Pryor (Healthy), Jake Paterson (Healthy)

Sasquatch

5 vs 5 Forward 
   Center                   Left Wing                Right Wing               Time % Phy DF OF 
 1 Drew Shore               Ryan Dzingel             Jesper Fast              40     1   2  2  
 2 Sergey Kalinin           Teemu Hartikainen        Matt Halischuk           30     1   2  2  
 3 Devin Shore              Brock Trotter            Petr Straka              20     1   2  2  
 4 David Desharnais         Nicolas Deslauriers      Sven Andrighetto         10     1   2  2  

5 vs 5 Defense 
   Defense                  Defense                                           Time % Phy DF OF 
 1 Patrick Wey              Dougie Hamilton                                   40     1   2  2  
 2 Martin Marincin          Slava Voynov                                      30     1   2  2  
 3 Josh Morrissey           Brett Pesce                                       20     1   2  2  
 4 Patrick Wey              Dougie Hamilton                                   10     1   2  2  

PowerPlay Forward 
   Center                   Left Wing                Right Wing               Time % Phy DF OF 
 1 Drew Shore               Ryan Dzingel             Jesper Fast              60     1   2  2  
 2 Devin Shore              Brock Trotter            Matt Halischuk           40     1   2  2  

PowerPlay Defense
   Defense                  Defense                                           Time % Phy DF OF 
 1 Patrick Wey              Dougie Hamilton                                   60     1   2  2  
 2 Josh Morrissey           Slava Voynov                                      40     1   2  2  

Penalty Kill 4 Players Forward 
   Center                   Wing                     Time % Phy DF OF 
 1 Drew Shore               Nicolas Deslauriers      60     1   2  2  
 2 Sergey Kalinin           Teemu Hartikainen        40     1   2  2  

Penalty Kill 4 Players Defense
   Defense                  Defense                  Time % Phy DF OF 
 1 Patrick Wey              Dougie Hamilton          60     1   2  2  
 2 Martin Marincin          Slava Voynov             40     1   2  2  

Penalty Kill - 3 Players Forward 
   Forward                                           Time % Phy DF OF 
 1 Drew Shore                                        60     1   2  2  
 2 Sergey Kalinin                                    40     1   2  2  

Penalty Kill - 3 Players Defense
   Defense                  Defense                  Time % Phy DF OF 
 1 Patrick Wey              Dougie Hamilton          60     1   2  2  
 2 Martin Marincin          Slava Voynov             40     1   2  2  

4 vs 4 Forward 
   Center                   Wing                     Time % Phy DF OF 
 1 Drew Shore               Ryan Dzingel             60     1   2  2  
 2 David Desharnais         Jesper Fast              40     1   2  2  

4 vs 4 Defense
   Defense                  Defense                  Time % Phy DF OF 
 1 Patrick Wey              Dougie Hamilton          60     1   2  2  
 2 Martin Marincin          Slava Voynov             40     1   2  2  

Last Minutes Offensive
   Center                   Left Wing                Right Wing               Defense                  Defense                  
   Drew Shore               Ryan Dzingel             Matt Halischuk           Patrick Wey              Dougie Hamilton          

Last Minutes Defensive
   Center                   Left Wing                Right Wing               Defense                  Defense                  
   Drew Shore               Teemu Hartikainen        Matt Halischuk           Patrick Wey              Dougie Hamilton          

Goaltenders
Starting : Corey Crawford           
Backup : Joonas Korpisalo         

Extra Forwards
Normal : Sergey Kalinin, Devin Shore, Petr Straka - PP : Sergey Kalinin, Devin Shore - PK : Petr Straka
Extra Defensemen
Normal : Josh Morrissey, Brett Pesce, Martin Marincin - PP : Josh Morrissey - PK : Brett Pesce, Martin Marincin
Penalty Shots
Ryan Dzingel, Devin Shore, Matt Halischuk, Petr Straka, Brock Trotter

Scratches
T.J. Tynan (Healthy), Ty Rattie (Healthy), Andrew Campbell (Healthy), Cal Petersen (Healthy)

% Time on Ice - Demolitions

Lines # - Real PCT - Wanted PCT - Time Play
Normal Forward
1 - 35% - 54% - 11:35
2 - 34% - 35% - 11:03
3 - 17% - 7% - 5:41
4 - 14% - 4% - 4:39
Normal Defense
1 - 48% - 50% - 15:46
2 - 36% - 30% - 12:00
3 - 16% - 10% - 5:12
4 - 0% - 10% - 0:00
PP Forward
1 - 61% - 75% - 3:38
2 - 39% - 25% - 2:20
PP Defense
1 - 65% - 75% - 3:52
2 - 35% - 25% - 2:06
PK Forward
1 - 67% - 60% - 14:00
2 - 33% - 40% - 6:49
PK Defense
1 - 57% - 60% - 11:57
2 - 43% - 40% - 8:52
PK3 Forward
1 - 0% - 60%
2 - 0% - 40%
PK3 Defense
1 - 0% - 60%
2 - 0% - 40%
44 Forward
1 - 100% - 60% - 0:15
2 - 0% - 40% - 0:00
44 Defense
1 - 100% - 60% - 0:15
2 - 0% - 40% - 0:00
Last Minute Offensive  - 0:00
Last Minute Defensive  - 0:00
Total
Forward - 60:00
Defense - 60:00

% Time on Ice - Sasquatch

Lines # - Real PCT - Wanted PCT - Time Play
Normal Forward
1 - 36% - 40% - 11:57
2 - 30% - 30% - 9:51
3 - 15% - 20% - 4:55
4 - 19% - 10% - 6:15
Normal Defense
1 - 42% - 40% - 13:58
2 - 35% - 30% - 11:37
3 - 22% - 20% - 7:23
4 - 0% - 10% - 0:00
PP Forward
1 - 50% - 60% - 10:28
2 - 50% - 40% - 10:21
PP Defense
1 - 58% - 60% - 12:05
2 - 42% - 40% - 8:44
PK Forward
1 - 80% - 60% - 4:45
2 - 20% - 40% - 1:13
PK Defense
1 - 55% - 60% - 3:18
2 - 45% - 40% - 2:40
PK3 Forward
1 - 0% - 60%
2 - 0% - 40%
PK3 Defense
1 - 0% - 60%
2 - 0% - 40%
44 Forward
1 - 100% - 60% - 0:15
2 - 0% - 40% - 0:00
44 Defense
1 - 100% - 60% - 0:15
2 - 0% - 40% - 0:00
Last Minute Offensive  - 0:00
Last Minute Defensive  - 0:00
Total
Forward - 60:00
Defense - 60:00

Play-by-Play

1st period


0:01 of 1st period - Drew Shore wins face-off versus Corban Knight in neutral zone.
0:04 of 1st period - Wrist shot by Jesper Fast.
0:04 of 1st period - Shot Misses the Net.
0:06 of 1st period - Backhand shot by Ryan Dzingel.
0:06 of 1st period - Stopped by Connor Hellebyuk without a rebound.
0:07 of 1st period - Corban Knight wins face-off versus Drew Shore in Demolitions zone.
0:09 of 1st period - Minor Penalty to Spencer Machacek for High sticking.
0:10 of 1st period - Corban Knight wins face-off versus Ryan Dzingel in Demolitions zone.
0:36 of 1st period - Dougie Hamilton is hit by Corban Knight and loses puck.
2:09 of 1st period - Penalty to Spencer Machacek is over, Spencer Machacek is back on ice.
2:26 of 1st period - Snap shot by Erik Cole.
2:26 of 1st period - Shot Misses the Net.
2:55 of 1st period - Wrist shot by Petr Straka.
2:55 of 1st period - Stopped by Connor Hellebyuk with a rebound.
2:57 of 1st period - Slapshot by Slava Voynov.
2:57 of 1st period - Stopped by Connor Hellebyuk without a rebound.
2:58 of 1st period - Andrej Nestrasil wins face-off versus Drew Shore in Demolitions zone.
3:07 of 1st period - Snap shot by Lane MacDermid.
3:07 of 1st period - Stopped by Corey Crawford with a rebound.
3:09 of 1st period - Slapshot by Cameron Schilling.
3:09 of 1st period - Shot Blocked by Patrick Wey.
3:11 of 1st period - Snap shot by Dennis Everberg.
3:11 of 1st period - Shot Misses the Net.
3:13 of 1st period - Slapshot by Cameron Schilling.
3:13 of 1st period - Deflect By Dougie Hamilton.
3:13 of 1st period - Stopped by Corey Crawford with a rebound.
3:23 of 1st period - Nick Shore is hit by Matt Halischuk and loses puck.
3:59 of 1st period - Sergey Kalinin is hit by Andrej Nestrasil and loses puck.
4:19 of 1st period - Icing by Jesper Fast.
4:20 of 1st period - Drew Shore wins face-off versus Phil McRae in Sasquatch zone.
5:22 of 1st period - Wrist shot by Drew Shore.
5:22 of 1st period - Deflect By Jesper Fast.
5:22 of 1st period - Stopped by Connor Hellebyuk with a rebound.
6:05 of 1st period - Minor Penalty to Andrej Nestrasil for Hooking.
6:06 of 1st period - Corban Knight wins face-off versus Devin Shore in Demolitions zone.
6:50 of 1st period - Snap shot by Colton Sceviour.
6:50 of 1st period - Shot Misses the Net.
6:58 of 1st period - Snap shot by Petr Straka.
6:58 of 1st period - Deflect By Nicolas Deslauriers.
6:58 of 1st period - Stopped by Connor Hellebyuk with a rebound.
7:00 of 1st period - Slapshot by Josh Morrissey.
7:00 of 1st period - Shot Misses the Net.
8:05 of 1st period - Penalty to Andrej Nestrasil is over, Andrej Nestrasil is back on ice.
8:27 of 1st period - Snap shot by Teemu Hartikainen.
8:27 of 1st period - Goal by Teemu Hartikainen - Demolitions : 0 - Sasquatch : 1.
8:28 of 1st period - Nick Shore wins face-off versus Sergey Kalinin in neutral zone.
8:41 of 1st period - Snap shot by Nick Shore.
8:41 of 1st period - Stopped by Corey Crawford with a rebound.
8:53 of 1st period - Dennis Everberg is hit by David Desharnais and loses puck.
10:01 of 1st period - Minor Penalty to Brandon McMillan for Interference.
10:02 of 1st period - Drew Shore wins face-off versus Corban Knight in Demolitions zone.
11:52 of 1st period - Jesper Fast is hit by Colton Sceviour and loses puck.
12:01 of 1st period - Penalty to Brandon McMillan is over, Brandon McMillan is back on ice.
12:12 of 1st period - Off-side.
12:13 of 1st period - David Desharnais wins face-off versus Phil McRae in neutral zone.
12:22 of 1st period - Snap shot by David Desharnais.
12:22 of 1st period - Shot Misses the Net.
12:56 of 1st period - Snap shot by Brock Trotter.
12:56 of 1st period - Shot Misses the Net.
12:58 of 1st period - Slapshot by Josh Morrissey.
12:58 of 1st period - Shot Blocked by Jonathan Blum.
13:00 of 1st period - Slapshot by Josh Morrissey.
13:00 of 1st period - Shot Misses the Net.
13:02 of 1st period - Slapshot by Josh Morrissey.
13:02 of 1st period - Deflect By Brock Trotter.
13:02 of 1st period - Goal by Brock Trotter - Demolitions : 0 - Sasquatch : 2.
13:03 of 1st period - Corban Knight wins face-off versus Sergey Kalinin in neutral zone.
13:05 of 1st period - Minor Penalty to Seth Helgeson for Tripping.
13:06 of 1st period - Drew Shore wins face-off versus Corban Knight in Demolitions zone.
13:10 of 1st period - Snap shot by Jesper Fast.
13:10 of 1st period - Shot Misses the Net.
15:05 of 1st period - Penalty to Seth Helgeson is over, Seth Helgeson is back on ice.
15:35 of 1st period - Josh Morrissey is hit by Andrej Nestrasil and loses puck.
15:42 of 1st period - Erik Cole is hit by David Desharnais and loses puck.
15:49 of 1st period - Patrick Wey is hit by Corban Knight and loses puck.
16:07 of 1st period - Patrick Wey is hit by Erik Cole and loses puck.
16:16 of 1st period - Snap shot by Erik Cole.
16:16 of 1st period - Stopped by Corey Crawford without a rebound.
16:17 of 1st period - Teemu Hartikainen wins face-off versus Nick Shore in Sasquatch zone.
16:28 of 1st period - Snap shot by Teemu Hartikainen.
16:28 of 1st period - Stopped by Connor Hellebyuk with a rebound.
16:47 of 1st period - Wrist shot by Jesper Fast.
16:47 of 1st period - Stopped by Connor Hellebyuk with a rebound.
16:49 of 1st period - Slapshot by Slava Voynov.
16:49 of 1st period - Shot Blocked by Derek Forbort.
16:51 of 1st period - Wrist shot by Ryan Dzingel.
16:51 of 1st period - Shot Hit the Post.
17:05 of 1st period - Dennis Everberg is hit by Brock Trotter and loses puck.
17:35 of 1st period - Icing by Matt Halischuk.
17:36 of 1st period - Drew Shore wins face-off versus Phil McRae in Sasquatch zone.
17:51 of 1st period - Wrist shot by Jesper Fast.
17:51 of 1st period - Stopped by Connor Hellebyuk with a rebound.
18:05 of 1st period - Wrist shot by Andrej Nestrasil.
18:05 of 1st period - Stopped by Corey Crawford with a rebound.
18:48 of 1st period - Minor Penalty to Patrick Wey for Hooking.
18:49 of 1st period - Andrej Nestrasil wins face-off versus Drew Shore in Sasquatch zone.
18:58 of 1st period - Slapshot by Spencer Machacek.
18:58 of 1st period - Stopped by Corey Crawford with a rebound.
19:00 of 1st period - Wrist shot by Spencer Machacek.
19:00 of 1st period - Goal by Spencer Machacek - Demolitions : 1 - Sasquatch : 2.
19:01 of 1st period - Corban Knight wins face-off versus Sergey Kalinin in neutral zone.
19:08 of 1st period - Wrist shot by Corban Knight.
19:08 of 1st period - Shot Misses the Net.
19:10 of 1st period - Snap shot by Erik Cole.
19:10 of 1st period - Shot Misses the Net.
19:12 of 1st period - Slapshot by Seth Helgeson.
19:12 of 1st period - Deflect By Patrick Wey.
19:12 of 1st period - Stopped by Corey Crawford with a rebound.
19:14 of 1st period - Snap shot by Spencer Machacek.
19:14 of 1st period - Stopped by Corey Crawford with a rebound.
19:26 of 1st period - Lane MacDermid is hit by Drew Shore and loses puck.
19:55 of 1st period - Snap shot by Brock Trotter.
19:55 of 1st period - Stopped by Connor Hellebyuk with a rebound.
Goals for this period are 1 for Demolitions vs 2 for Sasquatch.
Shots for this period are 9 for Demolitions vs 11 for Sasquatch.

2nd period


0:01 of 2nd period - Drew Shore wins face-off versus Corban Knight in neutral zone.
0:03 of 2nd period - Off-side.
0:04 of 2nd period - Jesper Fast wins face-off versus Corban Knight in neutral zone.
0:15 of 2nd period - Snap shot by Drew Shore.
0:15 of 2nd period - Stopped by Connor Hellebyuk with a rebound.
0:17 of 2nd period - Snap shot by Ryan Dzingel.
0:17 of 2nd period - Shot Blocked by Seth Helgeson.
0:19 of 2nd period - Snap shot by Ryan Dzingel.
0:19 of 2nd period - Shot Misses the Net.
0:30 of 2nd period - Jonathan Blum is hit by Matt Halischuk and loses puck.
0:45 of 2nd period - Minor Penalty to Matt Halischuk for Holding.
0:46 of 2nd period - Andrej Nestrasil wins face-off versus Drew Shore in Sasquatch zone.
0:53 of 2nd period - Snap shot by Erik Cole.
0:53 of 2nd period - Shot Blocked by Drew Shore.
0:55 of 2nd period - Wrist shot by Erik Cole.
0:55 of 2nd period - Shot Misses the Net.
0:57 of 2nd period - Wrist shot by Spencer Machacek.
0:57 of 2nd period - Shot Blocked by Drew Shore.
0:59 of 2nd period - Snap shot by Andrej Nestrasil.
0:59 of 2nd period - Stopped by Corey Crawford with a rebound.
2:03 of 2nd period - Seth Helgeson is hit by Slava Voynov and loses puck.
2:28 of 2nd period - Icing by Jonathan Blum.
2:29 of 2nd period - Sergey Kalinin wins face-off versus Dennis Everberg in Demolitions zone.
2:45 of 2nd period - Penalty to Matt Halischuk is over, Matt Halischuk is back on ice.
3:50 of 2nd period - Wrist shot by Nicolas Deslauriers.
3:50 of 2nd period - Stopped by Connor Hellebyuk without a rebound.
3:51 of 2nd period - Sergey Kalinin wins face-off versus Corban Knight in Demolitions zone.
4:04 of 2nd period - Snap shot by Teemu Hartikainen.
4:04 of 2nd period - Shot Misses the Net.
4:06 of 2nd period - Snap shot by Matt Halischuk.
4:06 of 2nd period - Shot Blocked by Seth Helgeson.
4:20 of 2nd period - Snap shot by Jesper Fast.
4:20 of 2nd period - Stopped by Connor Hellebyuk with a rebound.
4:22 of 2nd period - Slapshot by Slava Voynov.
4:22 of 2nd period - Shot Misses the Net.
4:24 of 2nd period - Snap shot by Jesper Fast.
4:24 of 2nd period - Stopped by Connor Hellebyuk without a rebound.
4:25 of 2nd period - Andrej Nestrasil wins face-off versus Sergey Kalinin in Demolitions zone.
4:34 of 2nd period - Wrist shot by Andrej Nestrasil.
4:34 of 2nd period - Stopped by Corey Crawford with a rebound.
4:51 of 2nd period - Minor Penalty to Jesper Fast for Interference.
4:52 of 2nd period - Drew Shore wins face-off versus Andrej Nestrasil in Sasquatch zone.
5:03 of 2nd period - Snap shot by Seth Helgeson.
5:03 of 2nd period - Shot Blocked by Nicolas Deslauriers.
5:30 of 2nd period - Slapshot by Dougie Hamilton.
5:30 of 2nd period - Shot Blocked by Cameron Schilling.
5:33 of 2nd period - Icing by Cameron Schilling.
5:34 of 2nd period - Sergey Kalinin wins face-off versus Andrej Nestrasil in Demolitions zone.
5:37 of 2nd period - Wrist shot by Teemu Hartikainen.
5:37 of 2nd period - Shot Misses the Net.
5:57 of 2nd period - Snap shot by Lane MacDermid.
5:57 of 2nd period - Shot Blocked by Martin Marincin.
6:35 of 2nd period - Minor Penalty to Corban Knight for High sticking.
6:36 of 2nd period - Drew Shore wins face-off versus Andrej Nestrasil in Demolitions zone.
6:51 of 2nd period - Penalty to Jesper Fast is over, Jesper Fast is back on ice.
6:59 of 2nd period - Wrist shot by Brock Trotter.
6:59 of 2nd period - Stopped by Connor Hellebyuk with a rebound.
8:35 of 2nd period - Penalty to Corban Knight is over, Corban Knight is back on ice.
8:49 of 2nd period - Snap shot by Andrej Nestrasil.
8:49 of 2nd period - Stopped by Corey Crawford with a rebound.
8:57 of 2nd period - Slapshot by Lane MacDermid.
8:57 of 2nd period - Shot Misses the Net.
9:21 of 2nd period - Snap shot by Sergey Kalinin.
9:21 of 2nd period - Shot Misses the Net.
9:33 of 2nd period - Cameron Schilling is hit by Josh Morrissey.
9:53 of 2nd period - Petr Straka is hit by Andrej Nestrasil and loses puck.
10:33 of 2nd period - Snap shot by Brandon McMillan.
10:33 of 2nd period - Deflect By Drew Shore.
10:33 of 2nd period - Shot Blocked by Slava Voynov.
10:33 of 2nd period - Puck is out of play.
10:34 of 2nd period - Drew Shore wins face-off versus Lane MacDermid in Sasquatch zone.
11:17 of 2nd period - Slapshot by Cameron Schilling.
11:17 of 2nd period - Shot Misses the Net.
11:19 of 2nd period - Snap shot by Robert Bortuzzo.
11:19 of 2nd period - Shot Misses the Net.
11:21 of 2nd period - Snap shot by Robert Bortuzzo.
11:21 of 2nd period - Shot Blocked by Teemu Hartikainen.
11:23 of 2nd period - Slapshot by Cameron Schilling.
11:23 of 2nd period - Shot Blocked by Dougie Hamilton.
12:04 of 2nd period - Slapshot by Phil McRae.
12:04 of 2nd period - Stopped by Corey Crawford with a rebound.
12:34 of 2nd period - Teemu Hartikainen is hit by Seth Helgeson.
12:37 of 2nd period - Off-side.
12:38 of 2nd period - Sergey Kalinin wins face-off versus Andrej Nestrasil in neutral zone.
12:57 of 2nd period - Brett Pesce is hit by Lane MacDermid.
13:01 of 2nd period - Matt Halischuk is hit by Seth Helgeson and loses puck.
13:08 of 2nd period - Slapshot by Teemu Hartikainen.
13:08 of 2nd period - Shot Blocked by Jonathan Blum.
13:22 of 2nd period - Wrist shot by Dennis Everberg.
13:22 of 2nd period - Stopped by Corey Crawford with a rebound.
13:36 of 2nd period - Snap shot by Dennis Everberg.
13:36 of 2nd period - Shot Misses the Net.
13:38 of 2nd period - Snap shot by Lane MacDermid.
13:38 of 2nd period - Stopped by Corey Crawford without a rebound.
13:39 of 2nd period - Corban Knight wins face-off versus Drew Shore in Sasquatch zone.
13:40 of 2nd period - Snap shot by Erik Cole.
13:40 of 2nd period - Deflect By Jesper Fast.
13:40 of 2nd period - Stopped by Corey Crawford without a rebound.
13:41 of 2nd period - Drew Shore wins face-off versus Corban Knight in Sasquatch zone.
14:06 of 2nd period - Robert Bortuzzo is hit by Dougie Hamilton and loses puck.
14:33 of 2nd period - Wrist shot by Nicolas Deslauriers.
14:33 of 2nd period - Stopped by Connor Hellebyuk without a rebound.
14:34 of 2nd period - Drew Shore wins face-off versus Erik Cole in Demolitions zone.
14:39 of 2nd period - Backhand shot by Jesper Fast.
14:39 of 2nd period - Shot Misses the Net.
15:01 of 2nd period - Snap shot by Andrej Nestrasil.
15:01 of 2nd period - Shot Misses the Net.
15:03 of 2nd period - Slapshot by Andrej Nestrasil.
15:03 of 2nd period - Stopped by Corey Crawford with a rebound.
15:05 of 2nd period - Slapshot by Robert Bortuzzo.
15:05 of 2nd period - Stopped by Corey Crawford without a rebound.
15:06 of 2nd period - Corban Knight wins face-off versus Sergey Kalinin in Sasquatch zone.
16:01 of 2nd period - Slapshot by Jonathan Blum.
16:01 of 2nd period - Shot Blocked by Brock Trotter.
16:27 of 2nd period - Wrist shot by Billy Sweat.
16:27 of 2nd period - Stopped by Corey Crawford without a rebound.
16:28 of 2nd period - Drew Shore wins face-off versus Corban Knight in Sasquatch zone.
16:37 of 2nd period - Wrist shot by Spencer Machacek.
16:37 of 2nd period - Stopped by Corey Crawford without a rebound.
16:38 of 2nd period - Drew Shore wins face-off versus Corban Knight in Sasquatch zone.
16:45 of 2nd period - Snap shot by Erik Cole.
16:45 of 2nd period - Shot Blocked by Martin Marincin.
16:51 of 2nd period - Wrist shot by Spencer Machacek.
16:51 of 2nd period - Goal by Spencer Machacek - Demolitions : 2 - Sasquatch : 2.
16:52 of 2nd period - Drew Shore wins face-off versus Corban Knight in neutral zone.
16:59 of 2nd period - Snap shot by Drew Shore.
16:59 of 2nd period - Goal by Drew Shore - Demolitions : 2 - Sasquatch : 3.
17:00 of 2nd period - Drew Shore wins face-off versus Corban Knight in neutral zone.
17:03 of 2nd period - Slapshot by Dougie Hamilton.
17:03 of 2nd period - Stopped by Connor Hellebyuk with a rebound.
17:09 of 2nd period - Wrist shot by Spencer Machacek.
17:09 of 2nd period - Shot Misses the Net.
17:11 of 2nd period - Wrist shot by Erik Cole.
17:11 of 2nd period - Goal by Erik Cole - Demolitions : 3 - Sasquatch : 3.
17:12 of 2nd period - Drew Shore wins face-off versus Corban Knight in neutral zone.
17:25 of 2nd period - Wrist shot by Spencer Machacek.
17:25 of 2nd period - Shot Misses the Net.
17:27 of 2nd period - Snap shot by Jonathan Blum.
17:27 of 2nd period - Stopped by Corey Crawford without a rebound.
17:28 of 2nd period - Sergey Kalinin wins face-off versus Corban Knight in Sasquatch zone.
17:28 of 2nd period - Dougie Hamilton is hit by Seth Helgeson and loses puck.
18:00 of 2nd period - Slapshot by Jesper Fast.
18:00 of 2nd period - Shot Blocked by Seth Helgeson.
18:02 of 2nd period - Snap shot by Ryan Dzingel.
18:02 of 2nd period - Stopped by Connor Hellebyuk with a rebound.
18:08 of 2nd period - Minor Penalty to Lane MacDermid for Boarding.
18:09 of 2nd period - Corban Knight wins face-off versus Drew Shore in Demolitions zone.
18:09 of 2nd period - Corban Knight is hit by Dougie Hamilton.
19:51 of 2nd period - Cameron Schilling is hit by Patrick Wey.
Goals for this period are 2 for Demolitions vs 1 for Sasquatch.
Shots for this period are 14 for Demolitions vs 9 for Sasquatch.

3rd period


0:01 of 3rd period - Drew Shore wins face-off versus Corban Knight in neutral zone.
0:06 of 3rd period - Wrist shot by Dougie Hamilton.
0:06 of 3rd period - Shot Blocked by Seth Helgeson.
0:08 of 3rd period - Penalty to Lane MacDermid is over, Lane MacDermid is back on ice.
0:08 of 3rd period - Slapshot by Dougie Hamilton.
0:08 of 3rd period - Shot Misses the Net.
0:26 of 3rd period - Jonathan Blum is hit by Matt Halischuk and loses puck.
0:52 of 3rd period - Martin Marincin is hit by Dennis Everberg and loses puck.
1:05 of 3rd period - Slava Voynov is hit by Cameron Schilling and loses puck.
1:22 of 3rd period - Wrist shot by Jesper Fast.
1:22 of 3rd period - Shot Misses the Net.
1:29 of 3rd period - Double Minor Penalty to Derek Forbort for High sticking.
1:30 of 3rd period - Drew Shore wins face-off versus Corban Knight in Demolitions zone.
2:10 of 3rd period - Spencer Machacek is hit by Matt Halischuk and loses puck.
5:29 of 3rd period - Penalty to Derek Forbort is over, Derek Forbort is back on ice.
6:09 of 3rd period - Sven Andrighetto is hit by Lane MacDermid and loses puck.
6:29 of 3rd period - Minor Penalty to Seth Helgeson for Hooking.
6:30 of 3rd period - Spencer Machacek wins face-off versus Drew Shore in Demolitions zone.
6:30 of 3rd period - Spencer Machacek is hit by Ryan Dzingel.
6:42 of 3rd period - Wrist shot by Spencer Machacek.
6:42 of 3rd period - Shot Misses the Net.
6:44 of 3rd period - Wrist shot by Dennis Everberg.
6:44 of 3rd period - Shot Misses the Net.
6:46 of 3rd period - Wrist shot by Spencer Machacek.
6:46 of 3rd period - Stopped by Corey Crawford without a rebound.
6:47 of 3rd period - Corban Knight wins face-off versus Drew Shore in Sasquatch zone.
7:10 of 3rd period - Jonathan Blum is hit by Matt Halischuk.
7:22 of 3rd period - Spencer Machacek is hit by Drew Shore and loses puck.
8:29 of 3rd period - Penalty to Seth Helgeson is over, Seth Helgeson is back on ice.
8:37 of 3rd period - Snap shot by Nicolas Deslauriers.
8:37 of 3rd period - Shot Blocked by Jonathan Blum.
8:39 of 3rd period - Snap shot by David Desharnais.
8:39 of 3rd period - Shot Hit the Post.
8:41 of 3rd period - Snap shot by Josh Morrissey.
8:41 of 3rd period - Stopped by Connor Hellebyuk with a rebound.
8:43 of 3rd period - Wrist shot by Sven Andrighetto.
8:43 of 3rd period - Shot Blocked by Jonathan Blum.
8:45 of 3rd period - Slapshot by David Desharnais.
8:45 of 3rd period - Goal by David Desharnais - Demolitions : 3 - Sasquatch : 4.
8:46 of 3rd period - Corban Knight wins face-off versus Drew Shore in neutral zone.
8:46 of 3rd period - Corban Knight is hit by Drew Shore.
9:16 of 3rd period - Slapshot by Jonathan Blum.
9:16 of 3rd period - Stopped by Corey Crawford with a rebound.
9:44 of 3rd period - Snap shot by Devin Shore.
9:44 of 3rd period - Goal by Devin Shore - Demolitions : 3 - Sasquatch : 5.
9:44 of 3rd period - Karri Ramo enters game.
9:45 of 3rd period - Drew Shore wins face-off versus Corban Knight in neutral zone.
10:38 of 3rd period - Minor Penalty to Sven Andrighetto for Hooking.
10:39 of 3rd period - Andrej Nestrasil wins face-off versus Drew Shore in Sasquatch zone.
10:42 of 3rd period - Backhand shot by Erik Cole.
10:42 of 3rd period - Goal by Erik Cole - Demolitions : 4 - Sasquatch : 5.
10:43 of 3rd period - Drew Shore wins face-off versus Corban Knight in neutral zone.
10:50 of 3rd period - Slapshot by Dougie Hamilton.
10:50 of 3rd period - Stopped by Karri Ramo with a rebound.
10:52 of 3rd period - Snap shot by Jesper Fast.
10:52 of 3rd period - Stopped by Karri Ramo with a rebound.
10:56 of 3rd period - Wrist shot by Jesper Fast.
10:56 of 3rd period - Shot Misses the Net.
11:08 of 3rd period - Lane MacDermid is hit by Matt Halischuk and loses puck.
11:17 of 3rd period - Snap shot by Dennis Everberg.
11:17 of 3rd period - Stopped by Corey Crawford without a rebound.
11:18 of 3rd period - Corban Knight wins face-off versus Drew Shore in Sasquatch zone.
11:19 of 3rd period - Wrist shot by Spencer Machacek.
11:19 of 3rd period - Shot Blocked by Martin Marincin.
12:16 of 3rd period - Snap shot by Aaron Palushaj.
12:16 of 3rd period - Deflect By Nick Shore.
12:16 of 3rd period - Shot Blocked by Petr Straka.
12:16 of 3rd period - Puck is out of play.
12:17 of 3rd period - Drew Shore wins face-off versus Corban Knight in Sasquatch zone.
12:38 of 3rd period - Minor Penalty to Drew Shore for Holding.
12:39 of 3rd period - Andrej Nestrasil wins face-off versus Petr Straka in Sasquatch zone.
12:54 of 3rd period - Snap shot by Nicolas Deslauriers.
12:54 of 3rd period - Shot Misses the Net.
13:18 of 3rd period - Wrist shot by Brock Trotter.
13:18 of 3rd period - Shot Misses the Net.
13:39 of 3rd period - Andrej Nestrasil is hit by Slava Voynov and loses puck.
14:38 of 3rd period - Penalty to Drew Shore is over, Drew Shore is back on ice.
15:06 of 3rd period - Wrist shot by Matt Halischuk.
15:06 of 3rd period - Shot Misses the Net.
15:14 of 3rd period - Slapshot by Phil McRae.
15:14 of 3rd period - Deflect By Ryan Dzingel.
15:14 of 3rd period - Shot Misses the Net.
15:14 of 3rd period - Puck is out of play.
15:15 of 3rd period - Drew Shore wins face-off versus Lane MacDermid in Sasquatch zone.
15:15 of 3rd period - Drew Shore is hit by Dennis Everberg.
15:39 of 3rd period - Snap shot by David Desharnais.
15:39 of 3rd period - Stopped by Karri Ramo without a rebound.
15:40 of 3rd period - Corban Knight wins face-off versus David Desharnais in Demolitions zone.
15:40 of 3rd period - Corban Knight is hit by Josh Morrissey.
15:52 of 3rd period - Wrist shot by Nicolas Deslauriers.
15:52 of 3rd period - Stopped by Karri Ramo with a rebound.
15:57 of 3rd period - Minor Penalty to Erik Cole for Hooking.
15:58 of 3rd period - Drew Shore wins face-off versus Corban Knight in Demolitions zone.
16:04 of 3rd period - Slapshot by Dougie Hamilton.
16:04 of 3rd period - Stopped by Karri Ramo with a rebound.
16:06 of 3rd period - Slapshot by Patrick Wey.
16:06 of 3rd period - Stopped by Karri Ramo with a rebound.
16:12 of 3rd period - Slapshot by Drew Shore.
16:12 of 3rd period - Shot Misses the Net.
16:14 of 3rd period - Snap shot by Drew Shore.
16:14 of 3rd period - Stopped by Karri Ramo with a rebound.
16:30 of 3rd period - Alex Hutchings is hit by Brock Trotter and loses puck.
17:09 of 3rd period - Wrist shot by Brock Trotter.
17:09 of 3rd period - Shot Misses the Net.
17:11 of 3rd period - Snap shot by Brock Trotter.
17:11 of 3rd period - Shot Misses the Net.
17:13 of 3rd period - Slapshot by Dougie Hamilton.
17:13 of 3rd period - Deflect By Devin Shore.
17:13 of 3rd period - Shot Blocked by Robert Bortuzzo.
17:13 of 3rd period - Puck is out of play.
17:14 of 3rd period - Corban Knight wins face-off versus Drew Shore in Demolitions zone.
17:23 of 3rd period - Slapshot by Slava Voynov.
17:23 of 3rd period - Stopped by Karri Ramo with a rebound.
17:57 of 3rd period - Penalty to Erik Cole is over, Erik Cole is back on ice.
18:06 of 3rd period - Off-side.
18:07 of 3rd period - Andrej Nestrasil wins face-off versus David Desharnais in neutral zone.
18:46 of 3rd period - Minor Penalty to Cameron Schilling for Interference.
18:47 of 3rd period - Drew Shore wins face-off versus Corban Knight in Demolitions zone.
19:06 of 3rd period - Seth Helgeson is hit by Ryan Dzingel and loses puck.
Goals for this period are 1 for Demolitions vs 2 for Sasquatch.
Shots for this period are 4 for Demolitions vs 11 for Sasquatch.